 Dungeon Crawl Stone Soup version 0.17.0-28-g6e173f8 (webtiles) character file.

228 lorenzova the Conjurer (level 5, 0/28 HPs)
             Began as a Deep Elf Conjurer on Nov 30, 2015.
             Slain by a bat (1 damage)
             ... on level 2 of the Dungeon.
             The game lasted 00:08:55 (3694 turns).

lorenzova the Conjurer (Deep Elf Conjurer)          Turns: 3694, Time: 00:08:55

Health: 0/28       AC:  2    Str:  5    XL:     5   Next: 70%
Magic:  0/14       EV: 13    Int: 21    God:
Gold:   99         SH:  0    Dex: 17    Spells: 3 memorised, 7 levels left

rFire  . . .     SeeInvis .     (no weapon)
rCold  . . .     Clarity  .     a - +0 robe
rNeg   . . .     SustAt   .     (no shield)
rPois  .         Gourm    .     (no helmet)
rElec  .         Spirit   .     (no cloak)
rCorr  .         Warding  .     (no gloves)
rMut   .         Stasis   .     (no boots)
MR     .....                    (no amulet)
Stlth  ++........               s - ring of wizardry
                                k - +2 ring of dexterity

@: not resistant to hostile enchantments, unstealthy
A: no striking features
a: no special abilities


You were on level 2 of the Dungeon.
You were not hungry.

You visited 1 branch of the dungeon, and saw 3 of its levels.

You collected 99 gold pieces.

Inventory:

Armour
 a - a +0 robe (worn)
Jewellery
 k - a +2 ring of dexterity (left hand)
 s - a ring of wizardry (right hand)
Scrolls
 f - a scroll of immolation {unknown}
 j - a scroll of identify {unknown}
 n - a scroll of amnesia {unknown}
 p - a scroll of random uselessness {unknown}
 q - a scroll of fear {unknown}
 r - a scroll of remove curse {unknown}
 t - a scroll of enchant weapon {unknown}
 u - a scroll of enchant armour {unknown}
 w - a scroll of teleportation {unknown}
Potions
 e - a potion of haste {unknown}
 g - a potion of mutation {unknown}
 h - a potion of curing {unknown}
 l - a potion of agility {unknown}
 m - a potion of heal wounds {unknown}
 o - a potion of degeneration {unknown}
 v - a potion of cancellation {unknown}
 x - a potion of lignification {unknown}
Books
 b - a book of Conjurations

   Spells                             Type                      Level
   a - Magic Dart                     Conjuration                  1
   b - Searing Ray                    Conjuration                  2
   c - Dazzling Spray                 Conjuration/Hexes            3
   d - Fulminant Prism                Conjuration/Hexes            4
   e - Iskenderun's Mystic Blast      Conjuration                  4
   f - Iskenderun's Battlesphere      Conjuration/Charms           5
Comestibles
 c - 3 bread rations
 d - 4 fruits
 z - a beef jerky


   Skills:
 - Level 2.4 Dodging
 - Level 2.4 Stealth
 + Level 5.1 Spellcasting
 * Level 6.8 Conjurations


You had 7 spell levels left.
You knew the following spells:

 Your Spells              Type           Power        Failure   Level  Hunger
a - Magic Dart            Conj           ####         1%          1    None
b - Searing Ray           Conj           ####..       1%          2    None
x - Iskenderun's Mystic   Conj           ####....     3%          4    ####...


Dungeon Overview and Level Annotations

Branches:
Dungeon (3/15)

Altars:
Cheibriados
Dithmenos

Annotations:
D:3 skk's ghost, novice DsFi


Message History

You hit the orc priest.
The orc priest is severely wounded.
The bat hits you but does no damage. The orc priest hits you.
The bat completely misses you. The bat closely misses you. The bat hits you.
The orc priest mumbles some strange prayers to Beogh against you.
Something smites you!
* * * LOW HITPOINT WARNING * * *
Casting: Magic Dart
Confirm with . or Enter, or press ? or * to list all spells.
Aiming: Magic Dart
Press: ? - help, Shift-Dir - straight line, f/p - orc priest
Aim: an orc priest, wearing a leather armour (severely wounded)
The magic dart hits the orc priest.
The orc priest is severely wounded.
The bat hits you but does no damage. The bat closely misses you.
The bat hits you.
* * * LOW HITPOINT WARNING * * *
The bat barely misses you. The bat hits you.
You die...

#.#.#.#..# #......# #
#####........###......###
#.....#.#.#..............
#...........###........##
#.....#.#.#...#..........
#........[.....<.....####
#........o.>.............
#..#....b###..#........##
#..#....@######.#####....
##.#.#.....# #.# #....
#.#.#.....##########....
#.#.##............#####.
#.#.#..##########.#...).
#.#.#.#.........#.#.....
#.#.#...........#.#.....
#.#.............#.#.....
#...#.......†...#.#####.


You could see an orc priest and a bat.

Vanquished Creatures
  An orc priest (D:3)
  2 orc wizards (D:3)
  Jessica (D:2)
  3 adders
  3 oozes
  9 orcs
  A ball python (D:2)
  6 giant cockroaches
  6 goblins
  6 hobgoblins
  5 jackals
  7 kobolds
  5 bats
  6 giant newts
  8 rats
69 creatures vanquished.

Notes
Turn   | Place    | Note
--------------------------------------------------------------
     0 | D:1      | lorenzova the Deep Elf Conjurer began the quest for the Orb.
     0 | D:1      | Reached XP level 1. HP: 10/10 MP: 6/6
   426 | D:1      | Reached XP level 2. HP: 15/15 MP: 5/8
   456 | D:1      | Learned a level 2 spell: Searing Ray
   963 | D:1      | Reached skill level 5 in Conjurations
  1376 | D:2      | Noticed Jessica
  1410 | D:2      | Killed Jessica
  1410 | D:2      | Reached XP level 3. HP: 19/19 MP: 5/10
  1597 | D:2      | Found a faded altar to an unknown god.
  1992 | D:2      | Reached XP level 4. HP: 24/24 MP: 8/12
  2026 | D:2      | Learned a level 4 spell: Iskenderun's Mystic Blast
  2404 | D:3      | Found a snail-covered altar of Cheibriados.
  2426 | D:3      | Found a shadowy altar of Dithmenos.
  2427 | D:3      | Noticed skk's ghost (novice DsFi)
  2452 | D:3      | Reached skill level 6 in Conjurations
  3043 | D:2      | Reached XP level 5. HP: 24/28 MP: 11/14
  3615 | D:3      | Reached skill level 5 in Spellcasting
  3693 | D:2      | HP: 1/28 [bat (1)]
  3694 | D:2      | Slain by a bat

Action                   |  1- 3 |  4- 6 || total
-------------------------+-------+-------++-------
Melee: Unarmed           |       |     1 ||     1
 Cast: Magic Dart        |    64 |    93 ||   157
       Searing Ray       |     1 |     2 ||     3
  Eat: Chunk             |     3 |     3 ||     6
       Royal jelly       |       |     1 ||     1
